 Dungeon Crawl Stone Soup version 0.24-a0-769-g368c164 (webtiles) character file.

Game seed: 17826034229643800696, levelgen mode: deterministic

53 2tousent the Ruffian (level 3, -2/28 HPs)
             Began as a Draconian Transmuter on Oct 4, 2019.
             Slain by a bullfrog zombie (3 damage)
             ... on level 2 of the Dungeon.
             The game lasted 00:03:19 (1417 turns).

2tousent the Ruffian (Draconian Transmuter)         Turns: 1417, Time: 00:03:20

Health: -2/28      AC:  6    Str: 13    XL:     3   Next: 62%
Magic:  5/6        EV: 12    Int: 13    God:
Gold:   115        SH:  0    Dex: 11    Spells: 2/6 levels left

rFire    . . .     SeeInvis .     - Unarmed
rCold    . . .     Gourm    .   (no shield)
rNeg     . . .     Faith    .   (armour unavailable)
rPois    .         Spirit   .   (helmet restricted)
rElec    .         Reflect  .   (no cloak)
rCorr    .         Harm     .   (no gloves)
MR       .....                  e - +0 pair of boots
Stlth    +.........             (no amulet)
HPRegen  0.09/turn              (no ring)
MPRegen  0.10/turn              (no ring)

@: no status effects
A: unfitting armour, cold-blooded, AC +5
a: no special abilities


You were on level 2 of the Dungeon.
You were hungry.

You visited 1 branch of the dungeon, and saw 2 of its levels.

You collected 115 gold pieces.

Inventory:

Missiles
 a - 28 arrows
Armour
 e - a +0 pair of boots (worn)
Jewellery
 g - a +3 ring of intelligence {unknown}
 h - a +4 ring of protection {unknown}
Scrolls
 b - a scroll of enchant weapon {unknown}
 f - a scroll of blinking {unknown}
 i - a scroll of identify {unknown}
 j - a scroll of remove curse {unknown}
Potions
 d - a potion of flight {unknown}
Comestibles
 c - 3 rations


   Skills:
 - Level 1.1 Fighting
 - Level 1.7 Dodging
 * Level 3.7 Unarmed Combat
 + Level 2.3 Spellcasting
 * Level 2.9 Transmutations
 * Level 0.7 Poison Magic


You had 2 spell levels left.
You knew the following spells:

 Your Spells              Type           Power        Failure   Level  Hunger
a - Beastly Appendage     Tmut           #.....       8%          1    #......
b - Spider Form           Tmut/Pois      #.........   34%         3    ###....

Your spell library contained the following spells:

 Spells                   Type           Power        Failure   Level  Hunger
 Sticks to Snakes         Tmut           #.......     12%         2    ###....
 Ice Form                 Ice/Tmut       #.......     80%         4    #####..
 Blade Hands              Tmut           #.........   91%         5    ######.


Dungeon Overview and Level Annotations

Branches:
Dungeon (2/15)

Altars:


Innate Abilities, Weirdness & Mutations

Your plain brown scales are hard. (AC +5)
You cannot fit into any form of body armour.
You are cold-blooded and may be slowed by cold attacks.


Message History

The bullfrog zombie is moderately damaged.
Your transformation is almost over.
The bullfrog zombie completely misses you.
The bullfrog zombie misses you.
You hit the bullfrog zombie.
The bullfrog zombie is heavily damaged.
The bullfrog zombie hits you!
* * * LOW HITPOINT WARNING * * *
You bite the bullfrog zombie!
The bullfrog zombie is severely damaged.
The bullfrog zombie barely misses you. The bullfrog zombie hits you.
* * * LOW HITPOINT WARNING * * *
The bullfrog zombie completely misses you.
Your transformation has ended.
Your +0 pair of boots unmelds from your body.
The bullfrog zombie hits you.
* * * LOW HITPOINT WARNING * * *
The bullfrog zombie hits you.
You die...

#.#### #.......[...
.....########
#g#####.##.#
..##.##.....#####.......#
..##....# #........######
..#####.# #....g##.# .##
#.###..#..##.#
.######......#..l#.#
.##.......#.....Z..#
###.......#..#.#@#.# #
#.(................!.. #
#.......(.#....#......
#.......#..#.#.#......
#.......#.##.#.# #####
##........#.....<#
#.############.### ..
...# #.# #.###.########.#


You could see a bullfrog zombie, a hobgoblin and a frilled lizard.

Vanquished Creatures
  An adder (D:2)
  A worm (D:2)
  2 leopard geckos (D:1)
  2 giant cockroaches
  6 goblins
  7 hobgoblins
  3 jackals (D:1)
  6 kobolds
  A ball python (D:1)
  2 bats (D:1)
  A frilled lizard (D:1)
  2 rats (D:1)
34 creatures vanquished.

Notes
Turn   | Place    | Note
-------+----------+-------------------------------------------
     0 | D:1      | 2tousent the Draconian Transmuter began the quest for the
                  | Orb.
     0 | D:1      | Reached XP level 1. HP: 16/16 MP: 3/3
    56 | D:1      | Reached XP level 2. HP: 18/23 MP: 5/5
   547 | D:1      | Reached XP level 3. HP: 28/28 MP: 6/6
   552 | D:1      | Learned a level 3 spell: Spider Form
  1062 | D:2      | HP: 1/28 [poisoned by an adder]
  1414 | D:2      | HP: 1/28 [bullfrog zombie (5)]
  1417 | D:2      | Slain by a bullfrog zombie

Levels and vault maps discovered:
D:1:      erik_arrival_blinker_ship, layout_basic, st_stairs_10
D:2:      layout_loops_cross, uniq_robin

Action                   || total
-------------------------++-------
Melee: Unarmed           ||   126
       Tailslap          ||    13
       Punch             ||     1
 Cast: Beastly Appendage ||     2
       Spider Form       ||     2
  Use: Potion            ||     1
 Stab: Sleeping          ||     3
  Eat: Chunk             ||     1
Armor: Skin              ||    29
Dodge: Dodged            ||    74

Table legend:
 A = Non-vault XP
 B = Vault XP
 C = Vault XP percentage of total XP
 D = Non-vault monster count
 E = Vault monster count
 F = Vault count percentage of total count
                 A         B        C        D         E       F
            +---------+---------+-------+---------+---------+-------
      Total |      74 |       2 |   2.6 |      33 |       1 |   2.9
            +---------+---------+-------+---------+---------+-------
        D:1 |      46 |       2 |   4.2 |      26 |       1 |   3.7
        D:2 |      28 |       0 |   0.0 |       7 |       0 |   0.0
            +---------+---------+-------+---------+---------+-------
